 Dungeon Crawl Stone Soup version 0.31.0-11-ge490571c62 (webtiles) character file.

Game seed: 16371993465841058516

9 browni3141 the Conjurer (level 2, -1/19 HPs)
             Began as a Demonspawn Conjurer on Jan 30, 2024.
             Slain by a jackal (3 damage)
             ... on level 1 of the Dungeon.
             The game lasted 00:00:15 (306 turns).

browni3141 the Conjurer (Demonspawn Conjurer)        Turns: 306, Time: 00:00:15

Health: -1/19      AC:  4    Str:  7    XL:     2   Next: 3%
Magic:  3/5        EV:  9    Int: 18    God:
Gold:   4          SH:  0    Dex: 11    Spells: 4/5 levels left

rFire   . . .        (no weapon)
rCold   . . .        (no shield)
rNeg    . . .        a - +0 robe
rPois   .            (no helmet)
rElec   .            (no cloak)
rCorr   .            (no gloves)
SInv    .            (no boots)
Will    .....        (no amulet)
Stlth   ++           (no ring)
HPRegen 0.23/turn    (no ring)
MPRegen 0.09/turn

%: no passive effects
@: constricted
A: thin metallic scales 1
a: no special abilities


You were on level 1 of the Dungeon.
You visited 1 branch of the dungeon, and saw 1 of its levels.

You collected 4 gold pieces.

Inventory:

Armour
 a - a +0 robe (worn)
Scrolls
 c - a scroll of enchant weapon {unknown}
 d - a scroll of revelation {unknown}
Potions
 b - a potion of magic


   Skills:
 + Level 2.0 Dodging
 + Level 2.0 Stealth
 + Level 2.1 Spellcasting
 + Level 4.1 Conjurations


You had 4 spell levels left.
You knew the following spells:

 Your Spells              Type           Power      Damage    Failure   Level
a - Magic Dart            Conj           64%        1d6       3%          1

Your spell library contained the following spells:

 Spells                   Type           Power      Damage    Failure   Level
 Searing Ray              Conj           32%        2d5       4%          2
 Fulminant Prism          Conj/Alch      4%         3d5       58%         4
 Iskenderun's Mystic Bla  Conj/Tloc      9%         2d4       58%         4


Dungeon Overview and Level Annotations

Branches:
Dungeon (1/15)

Altars:


Innate Abilities, Weirdness & Mutations

You are partially covered in thin metallic scales. (AC +2)


Message History

You kill the rat!
You hear an angry hiss.
A jackal comes into view.
The magic dart hits the jackal.
The jackal is moderately wounded.
The jackal barks!
A jackal comes into view.
The magic dart hits the jackal.
The jackal is almost dead.
The jackal barks!
You are out of magic!
You are out of magic!
You hit the jackal.
You kill the jackal!
You have reached level 2!
Your demonic ancestry asserts itself...
Thin metallic scales grow over part of your body.
The ball python closely misses you. x2
The ball python bites you but does no damage.
The ball python barely misses you. The ball python misses you.
The ball python barely misses you.
The jackal bites you but does no damage.
The ball python closely misses you. The ball python grabs you.
The ball python constricts you. The jackal closely misses you.
The ball python closely misses you. The ball python constricts you.
The jackal closely misses you.
The ball python bites you but does no damage.
The ball python constricts you. The ball python barely misses you.
The ball python constricts you. The jackal bites you.
The ball python bites you but does no damage.
The ball python constricts you. The jackal closely misses you.
The ball python barely misses you. The ball python constricts you.
The jackal barely misses you.
The jackal bites you but does no damage.
The ball python bites you but does no damage.
The ball python constricts you.
The jackal bites you but does no damage.
The ball python bites you but does no damage.
The ball python constricts you. The jackal barely misses you.
The ball python closely misses you. The ball python constricts you.
The jackal misses you.
The ball python bites you but does no damage.
The ball python constricts you. The jackal barely misses you.
The ball python bites you but does no damage.
The ball python constricts you. The jackal barely misses you.
The ball python bites you but does no damage.
The ball python constricts you. The jackal closely misses you.
The jackal bites you. The ball python closely misses you.
The ball python constricts you. The jackal misses you.
The ball python barely misses you. The ball python constricts you.
The jackal bites you.
The ball python bites you but does no damage.
The ball python constricts you. The jackal barely misses you.
The ball python bites you. The ball python constricts you.
The jackal closely misses you.
The ball python bites you but does no damage.
The ball python constricts you. The jackal barely misses you.
The ball python closely misses you. The ball python constricts you.
The jackal closely misses you. The jackal barely misses you.
The ball python bites you but does no damage.
The ball python constricts you.
The jackal bites you but does no damage.
The ball python bites you. The ball python constricts you.
The jackal bites you.
The ball python bites you but does no damage.
The ball python constricts you. The jackal closely misses you.
The ball python bites you but does no damage.
The ball python constricts you. The jackal barely misses you.
The ball python closely misses you. The ball python constricts you.
The jackal stops to sniff the ground.
The jackal barely misses you. The ball python barely misses you.
The ball python constricts you. The jackal barely misses you.
The jackal closely misses you.
The ball python bites you but does no damage.
The ball python constricts you. The jackal closely misses you.
The ball python bites you but does no damage.
The ball python constricts you.
The jackal bites you but does no damage.
The ball python bites you but does no damage.
The ball python constricts you. The jackal bites you.
The ball python completely misses you. The ball python constricts you.
The jackal barely misses you. The ball python closely misses you.
The ball python constricts you. The jackal barely misses you.
The ball python barely misses you. The ball python constricts you.
The jackal barely misses you. x2; The ball python closely misses you.
The ball python constricts you.
The jackal bites you but does no damage.
The ball python bites you but does no damage.
The ball python constricts you. The jackal barely misses you.
The ball python closely misses you. The ball python constricts you.
The jackal bites you but does no damage.
The ball python closely misses you. The ball python constricts you.
The jackal bites you.
You die...

###.#.#....#
####.....#....#
#####........#.##.#
..........####.##..
##............... #
#......##...†... #..
#......##.......
#..####.##############
#.hh@......... .....
#....S##.......# ##.##
#..... #######.#
+..... #..... ####.†
#.. # #.. # #


You could see 2 jackals and a ball python.

Vanquished Creatures
  2 bats (D:1)
  2 giant cockroaches (D:1)
  A jackal (D:1)
  A quokka (D:1)
  A ball python (D:1)
  A rat (D:1)
8 creatures vanquished.

Notes
Turn   | Place    | Note
-------+----------+-------------------------------------------
     0 | D:1      | browni3141 the Demonspawn Conjurer began the quest for the
                  | Orb.
     0 | D:1      | Reached XP level 1. HP: 13/13 MP: 3/3
   276 | D:1      | Gained mutation: You are partially covered in thin metallic
                  | scales. (AC +2) [demonic ancestry]
   276 | D:1      | Reached XP level 2. HP: 19/19 MP: 0/5
   306 | D:1      | Slain by a jackal

Illustrated notes

Levels and vault maps discovered:
D:1:      minmay_arrival_stone_box, layout_basic, eino_curves_01,
          minmay_misc_feat_pillars

Skill      XL: |  1 |
---------------+----+-----
Dodging        | 2 |  2.0
Stealth        | 2 |  2.0
Spellcasting   | |  2.1
Conjurations   | |  4.1

Action                     || total
---------------------------++-------
  Melee: Unarmed           ||     5
   Cast: Magic Dart        ||    14
 Armour: Robe              ||    36
  Dodge: Dodged            ||    50
